 Dungeon Sprint DCSS version 0.30.1-11-g7821555f0a (webtiles) character file.

Game seed: 11534355027249102040

46 Groucho the Magician (level 3, -7/16 HPs)
             Began as a Spriggan Earth Elementalist on Nov 21, 2023.
             Mangled by a wolf (11 damage)
             ... in the Dungeon (Sprint III: "The Ten Rune Challenge").
             The game lasted 00:01:32 (574 turns).

Groucho the Magician (Spriggan Earth Elementalist)   Turns: 574, Time: 00:01:32

Health: -7/16      AC:  2    Str:  4    XL:     3   Next: 46%
Magic:  8/10       EV: 17    Int: 18    God:
Gold:   0          SH:  0    Dex: 15    Spells: 10/11 levels left

rFire   . . .        (weapon restricted)
rCold   . . .        (no shield)
rNeg    . . .        a - +0 robe
rPois   .            (helmet restricted)
rElec   .            (no cloak)
rCorr   .            (gloves unavailable)
SInv    +            (boots unavailable)
Will    .....        (no amulet)
Stlth   ++           (no ring)
HPRegen 0.22/turn    (no ring)
MPRegen 0.12/turn

%: no teleportation
@: very quick
A: very small, no large weapons, unfitting armour, see invisible, speed 3
a: no special abilities


You were in the Dungeon.
You visited 1 branch

Inventory:

Armour
 a - a +0 robe (worn)
Scrolls
 g - a scroll of blinking
 h - 3 scrolls of butterflies {unknown}
Potions
 b - 3 potions of magic
 c - a potion of curing
 d - a potion of heal wounds
 e - a potion of haste
 f - a potion of berserk rage


   Skills:
 - Level 2.6 Dodging
 - Level 3.0 Stealth
 + Level 4.9 Spellcasting
 * Level 3.5 Conjurations
 - Level 1.3 Transmutations
 + Level 4.1 Earth Magic


You had 10 spell levels left.
You knew the following spells:

 Your Spells              Type           Power      Damage    Failure   Level
a - Sandblast             Erth           38%        2d10      2%          1

Your spell library contained the following spells:

 Spells                   Type           Power      Damage    Failure   Level
 Passwall                 Tmut/Erth      11%        N/A       7%          2
 Stone Arrow              Conj/Erth      36%        3d9       9%          3
 Petrify                  Tmut/Erth      14%        N/A       41%         4


Dungeon Overview and Level Annotations

Branches:
Dungeon (1/1)

Altars:


Innate Abilities, Weirdness & Mutations

You are very small and have problems with some larger weapons.
You are too small for most types of armour.
You have supernaturally acute eyesight. (SInv)
You cover ground extremely quickly. (Speed+++)


Message History

Confirm with . or Enter, or press ? or * to list all spells.
Aiming: Sandblast (safe; 3% risk of failure)
Press: ? - help, Shift-Dir - straight line, f/p - human
Aim: a human (almost dead, 75% to hit)
The blast of sand hits the human!
You kill the human!
Your Earth Magic skill increases to level 4!
Unknown command.
Unknown command.
You start resting.
Magic restored.
You start waiting.
You start waiting.
You start waiting.
Done waiting.
A wolf comes into view.
The wolf closely misses you.
Casting: Sandblast (safe; 2% risk of failure)
Confirm with . or Enter, or press ? or * to list all spells.
Aiming: Sandblast (safe; 2% risk of failure)
Press: ? - help, Shift-Dir - straight line, f - wolf
Aim: a wolf (70% to hit)
The blast of sand hits the wolf.
The wolf is lightly wounded.
The wolf completely misses you. The wolf bites you.
The wolf closely misses you.
Unknown command.
Casting: Sandblast (safe; 2% risk of failure)
Confirm with . or Enter, or press ? or * to list all spells.
Aiming: Sandblast (safe; 2% risk of failure)
Press: ? - help, Shift-Dir - straight line, f/p - wolf
Aim: a wolf (lightly wounded, 70% to hit)
The blast of sand hits the wolf.
The wolf is heavily wounded.
The wolf closely misses you. The wolf bites you!
Ouch! That really hurt!
* * * LOW HITPOINT WARNING * * *
The wolf bites you!
Ouch! That really hurt!
You die...

▓..##.......# .#
▓##.##.##.).# ..#
##.##.###..# ..#
▓#.####.##..# ...+
▓.###..##..## #...#
▓#÷....##..###....#
###..##...##.....#
##..##....#h.....#
#..###..##@#.....#
#[.# #..#####....#
▓▓▓▓ ▓▓▓▓ ▓▓▓▓▓


You could see a wolf.

Vanquished Creatures
  Jessica (D)
  A human (D)
  2 endoplasms (D)
4 creatures vanquished.

Notes
Turn   | Place    | Note
-------+----------+-------------------------------------------
     0 | D        | Groucho the Spriggan Earth Elementalist began the quest for
                  | the Orb.
     0 | D        | Reached XP level 1. HP: 9/9 MP: 5/5
    12 | D        | Reached skill level 1 in Conjurations
    50 | D        | Noticed Jessica
    54 | D        | Killed Jessica
    55 | D        | Reached XP level 2. HP: 13/13 MP: 4/8
    55 | D        | Reached XP level 3. HP: 16/16 MP: 4/9
   574 | D        | Mangled by a wolf

Illustrated notes

Levels and vault maps discovered:
D:        dungeon_sprint_mu [sprint_mu_entry_cave, sprint_mu_temple_rooms,
          sprint_mu_d1_spiders, sprint_mu_d2_genie, sprint_mu_d3_branching,
          sprint_mu_orc_legion, sprint_mu_elf_gauntlet, sprint_mu_hive_nellie,
          sprint_mu_lair_fedhas, sprint_mu_vaults_butterflies,
          sprint_mu_slime_circle, sprint_mu_shoals_kraken,
          sprint_mu_snake_twists, sprint_mu_blade_basic,
          sprint_mu_crypt_fortress, sprint_mu_tomb_spiral,
          sprint_mu_vestibule_basic, sprint_mu_gehenna_hellfire,
          sprint_mu_dis_giant, sprint_mu_tartarus_statrot,
          sprint_mu_cocytus_islands, sprint_mu_zot1]

Skill      XL: |  1  2  3 |
---------------+----------+-----
Spellcasting   | 4 |  4.9
Conjurations   | 3 |  3.5
Earth Magic    | 3 4 |  4.1
Dodging        | |  2.6
Stealth        | |  3.0
Transmutations | |  1.3

Action                     || total
---------------------------++-------
   Cast: Sandblast         ||    17
 Armour: Robe              ||     1
  Dodge: Dodged            ||     6
